 Dungeon Crawl Stone Soup version 0.30-a0-1112-gfb780f5df6 (webtiles) character file.

Game seed: 10019257831255565633

7821 voltaire321 the Cleaver (level 11, -7/97 HPs)
             Began as a Minotaur Fighter on Apr 19, 2023.
             Was a Priest of Wu Jian.
             Mangled by a centaur warrior
             ... wielding a +0 mace
              (12 damage)
             ... on level 10 of the Dungeon.
             The game lasted 00:15:48 (8779 turns).

voltaire321 the Cleaver (Minotaur Fighter)          Turns: 8779, Time: 00:15:49

Health: -7/97      AC:  9    Str: 22    XL:     11   Next: 1%
Magic:  0/10       EV: 12    Int:  5    God:    Wu Jian [***...]
Gold:   454        SH:  6    Dex: 13    Spells: 10/10 levels left

rFire   . . .      SeeInvis .    a - +0 war axe
rCold   . . .      Faith    .    c - +0 buckler
rNeg    + . .      Spirit   +    b - +0 scale mail
rPois   .          Reflect  .    (helmet restricted)
rElec   .          Rampage  .    (no cloak)
rCorr   +                        (no gloves)
Will    .....                    g - +0 pair of boots Stlth
                                 u - amulet of guardian spirit
HPRegen 0.36/turn                m - ring of resist corrosion
MPRegen 0.12/turn                B - ring of positive energy

@: about to teleport
A: horns 2, retaliatory headbutt
a: Renounce Religion, Wall Jump, Serpent's Lash


You were on level 10 of the Dungeon.
You worshipped Wu Jian.
Wu Jian was most pleased with you.
You visited 2 branches of the dungeon, and saw 11 of its levels.

You collected 504 gold pieces.
You spent 50 gold pieces at shops.

Inventory:

Hand Weapons
 a - a +0 war axe (weapon)
Missiles
 h - 18 poisoned darts (quivered)
 z - 3 throwing nets
Armour
 b - a +0 scale mail (worn)
 c - a +0 buckler (worn)
 g - a +0 pair of boots (worn)
 v - +0 steam dragon scales
Jewellery
 m - a ring of resist corrosion (left hand)
 u - an amulet of guardian spirit (around neck)
 B - a ring of positive energy (right hand)
 E - a ring of fire
 H - a +4 ring of protection
Wands
 f - a wand of digging (3)
 y - a wand of iceblast (28)
 A - a wand of polymorph (8)
 G - a wand of flame (10)
Scrolls
 e - 2 scrolls of immolation {unknown}
 j - 2 scrolls of enchant armour {unknown}
 k - 2 scrolls of teleportation
 n - 2 scrolls of fog {unknown}
 q - a scroll of poison {unknown}
 r - 2 scrolls of magic mapping {unknown}
 s - a scroll of enchant weapon {unknown}
 C - a scroll of silence {unknown}
 D - a scroll of blinking {unknown}
 I - a scroll of identify
Potions
 d - 4 potions of might
 i - 3 potions of haste
 l - a potion of brilliance
 o - 2 potions of magic
 p - a potion of curing
 t - 3 potions of flight
 w - a potion of resistance
 x - 3 potions of mutation {unknown}
 F - 3 potions of heal wounds


   Skills:
 + Level 9.1 Fighting
 * Level 12.1 Axes
 + Level 9.1 Armour
 + Level 7.4 Dodging
 + Level 9.2 Shields


You had 10 spell levels left.
You didn't know any spells.
Your spell library contained the following spells:

 Spells                   Type           Power      Damage    Failure   Level
 Freeze                   Ice            0%         1d3       83%         1
 Sublimation of Blood     Necr           0%         N/A       92%         2
 Wereblood                Tmut           0%         N/A       92%         2
 Frozen Ramparts          Ice            0%         1d1       99%         3
 Hailstorm                Conj/Ice       0%         3d3       99%         3
 Inner Flame              Hex/Fire       0%         N/A       99%         3
 Vhi's Electric Charge    Tloc/Air       0%         N/A       99%         3
 Flame Wave               Conj/Fire      0%         2d4       100%        4
 Sticky Flame             Conj/Fire      0%         2d3       100%        4
 Summon Lightning Spire   Summ/Air       0%         N/A       100%        4
 Arcjolt                  Conj/Air       0%         1d10      100%        5
 Storm Form               Tmut/Air       0%         N/A       100%        7
 Summon Hydra             Summ           0%         N/A       100%        7
 Maxwell's Capacitive Co  Air            0%         ∞         100%        8


Dungeon Overview and Level Annotations

Branches:
Dungeon (10/15)            Temple (1/1) D:4            Lair (0/5) D:9
    Orc: D:9-12

Altars:
Ashenzari
Cheibriados
Dithmenos
Elyvilon
Fedhas
Gozag
Hepliaklqana
Kikubaaqudgha
Makhleb
Qazlal
Ru
Sif Muna
Trog
Uskayaw
Vehumet
Wu Jian
Xom
Yredelemnul
Zin
The Shining One

Shops:
D:3 *   D:4 ?

Annotations:
D:10 Lodul


Innate Abilities, Weirdness & Mutations

You have a pair of horns on your head.
You reflexively headbutt those who attack you in melee.


Message History

You slash the ogre!
The ogre is severely wounded.
The ogre hits you with a +0 giant club!!
You hit the ogre.
You headbutt the ogre, but do no damage.
The ogre is lightly wounded.
You hit the ogre. You barely miss the ogre. The ogre misses you.
You furiously retaliate!
You headbutt the ogre. You block the ogre's attack.
As you read the scroll of teleportation, it crumbles to dust.
You feel strangely unstable. The ogre misses you.
The ogre hits you with a +0 giant club!
* * * LOW HITPOINT WARNING * * *
The ogre closely misses you.
You slash the ogre! You headbutt the ogre.
The ogre is heavily wounded.
You hit the ogre. You slash the ogre!
You kill the ogre!
The Council accepts your kill.
The centaur warrior unwields a +0 shortbow.
The centaur warrior wields a +0 mace.
You block the centaur warrior's attack. The centaur warrior kicks you.
* * * LOW HITPOINT WARNING * * *
You hit the ogre.
The ogre is severely wounded.
You closely miss the ogre. You slash the centaur warrior!
The ogre closely misses you. The ogre hits you with a +0 giant club!
* * * LOW HITPOINT WARNING * * *
The centaur warrior barely misses you.
The centaur warrior kicks you but does no damage.
You hit the ogre.
The ogre is severely wounded.
You slash the ogre! You slash the centaur warrior!
The centaur warrior hits you with a +0 mace!
* * * LOW HITPOINT WARNING * * *
You block the centaur warrior's attack.
You barely miss the ogre.
The ogre is severely wounded.
You slash the ogre! The centaur warrior blocks your attack.
The centaur warrior hits you with a +0 mace!
You die...

#.##...#
#...#.##
#...).# .
#...### ..
#..#### ##. .
#..#.. ......
#))#.##.#....
#..#.#OO...#
#....@OO..#
##.#.#c....#
#.#.##......
#.#.# .##...
#.#.# # ..
#.#.# . #....
###..


You could see Lodul, a centaur warrior (reflecting) and 3 ogres.

Vanquished Creatures
  Erica (D:10)
  A death yak (D:9)
  A two-headed ogre (D:10)
  Pikel (D:4)
  A cyclops (D:7)
  Joseph (D:8)
  The ghost of AwFulAwFulPlayer the Trooper, a novice OpCK of Xom (D:5)
  Maggie (D:7)
  A hornet (D:9)
  A shadow (D:10)
  A wyvern (D:9)
  A wraith (D:9)
  A basilisk (D:9)
  2 ice beasts
  2 sky beasts
  2 orc warriors
  3 black bears
  3 centaurs
  4 ogres
  A phantom (D:5)
  3 kobold brigands
  4 bullfrogs
  A gnoll sergeant (D:7)
  4 scorpions
  A howler monkey (D:6)
  4 centaur zombies (D:8)
  5 orc priests
  7 hounds
  2 gnoll boudas
  5 sleepcaps
  3 iguanas
  8 orc wizards
  A killer bee zombie (D:8)
  3 howler monkey zombies (D:8)
  16 gnolls
  5 adders
  3 ufetubi
  A worm (D:2)
  2 dart slugs (D:1)
  24 orcs
  8 ball pythons
  7 bats
  17 endoplasms
  4 giant cockroaches
  13 goblins
  11 hobgoblins
  7 jackals
  18 kobolds
  4 quokkas
  11 rats
232 creatures vanquished.

Vanquished Creatures (others)
  8 fungi (D:7)
  2 plants (D:1)
10 creatures vanquished.

Grand Total: 242 creatures vanquished

Notes
Turn   | Place    | Note
-------+----------+-------------------------------------------
     0 | D:1      | voltaire321 the Minotaur Fighter began the quest for the
                  | Orb.
     0 | D:1      | Reached XP level 1. HP: 19/19 MP: 0/0
    82 | D:1      | Reached XP level 2. HP: 14/27 MP: 1/1
    86 | D:1      | Reached skill level 3 in Axes
   277 | D:1      | Reached XP level 3. HP: 33/33 MP: 2/2
   327 | D:1      | Reached skill level 1 in Dodging
  1194 | D:2      | Reached XP level 4. HP: 40/40 MP: 3/3
  1957 | D:3      | Reached skill level 4 in Axes
  1959 | D:3      | Found a white marble altar of Elyvilon.
  2106 | D:3      | Found Zin's Purification Station.
  2110 | D:3      | Found a glowing silver altar of Zin.
  2133 | D:3      | Reached XP level 5. HP: 46/46 MP: 4/4
  2382 | D:4      | Found Vaucurgh's Magic Scroll Shop.
  2389 | D:4      | Bought a scroll of identify for 20 gold pieces
  2389 | D:4      | Bought a scroll of teleportation for 30 gold pieces
  2391 | D:4      | Found a staircase to the Ecumenical Temple.
  2419 | Temple   | Entered the Ecumenical Temple
  2425 | Temple   | Became a worshipper of the Wu Jian Council
  2679 | D:4      | Noticed an ogre
  2683 | D:4      | Killed an ogre
  2684 | D:4      | Reached XP level 6. HP: 53/53 MP: 5/5
  2804 | D:4      | Found a hazy altar of Hepliaklqana.
  2806 | D:4      | Found a shadowy altar of Dithmenos.
  2806 | D:4      | Noticed Pikel
  2807 | D:4      | Noticed a shadow
  2818 | D:4      | Killed Pikel
  2819 | D:4      | Reached skill level 5 in Fighting
  2819 | D:4      | Reached skill level 6 in Axes
  2819 | D:4      | Reached skill level 5 in Armour
  2819 | D:4      | Reached skill level 5 in Shields
  2819 | D:4      | Reached XP level 7. HP: 20/61 MP: 6/6
  3354 | D:4      | Reached * piety under Wu Jian
  3405 | D:5      | Entered Level 5 of the Dungeon
  3452 | D:5      | Reached skill level 7 in Axes
  3452 | D:5      | Reached XP level 8. HP: 65/70 MP: 7/7
  3583 | D:5      | Found a runed translucent door.
  3583 | D:5      | Noticed AwFulAwFulPlayer's ghost (novice OpCK)
  4010 | D:5      | Killed AwFulAwFulPlayer's ghost
  4070 | D:6      | Reached skill level 8 in Axes
  4272 | D:6      | Found a broken altar of Ashenzari.
  4343 | D:6      | Reached XP level 9. HP: 78/78 MP: 8/8
  4345 | D:6      | Reached skill level 5 in Dodging
  4458 | D:6      | Reached ** piety under Wu Jian
  4636 | D:6      | Reached skill level 9 in Axes
  4663 | D:6      | Found a sacrificial altar of Ru.
  5230 | D:7      | Found a shimmering altar of Xom.
  5231 | D:7      | Noticed a cyclops
  5238 | D:7      | Killed a cyclops
  5533 | D:7      | Reached skill level 10 in Axes
  5581 | D:7      | Noticed Maggie
  5599 | D:7      | HP: 2/79 [poisoned by Maggie]
  5602 | D:7      | Killed Maggie
  6174 | D:7      | Found a radiant altar of Vehumet.
  6174 | D:7      | Found a faded altar of an unknown god.
  6182 | D:7      | Found a stormy altar of Qazlal.
  6184 | D:7      | Found a bloodstained altar of Trog.
  6186 | D:7      | Found a faded altar of an unknown god.
  6461 | D:8      | Reached *** piety under Wu Jian
  6462 | D:8      | Reached XP level 10. HP: 81/88 MP: 7/9
  6510 | D:8      | Found a basalt altar of Yredelemnul.
  6527 | D:8      | Noticed Joseph
  6542 | D:8      | Killed Joseph
  7512 | D:9      | Noticed a death yak
  7537 | D:9      | Killed a death yak
  7538 | D:9      | Reached skill level 11 in Axes
  8208 | D:9      | Found a staircase to the Lair.
  8405 | D:10     | Entered Level 10 of the Dungeon
  8428 | D:10     | Noticed Erica
  8447 | D:10     | Killed Erica
  8597 | D:10     | Noticed a two-headed ogre
  8609 | D:10     | Killed a two-headed ogre
  8610 | D:10     | Reached skill level 12 in Axes
  8767 | D:10     | Noticed Lodul
  8768 | D:10     | Noticed a centaur warrior
  8773 | D:10     | Reached XP level 11. HP: 50/97 MP: 5/10
  8779 | D:10     | Mangled by a centaur warrior

Illustrated notes

Levels and vault maps discovered:
D:1:      minmay_arrival_checkered_box, layout_basic, nicolae_grassy_gnolls
D:2:      layout_loops_ring, nicolae_underground_beach
D:3:      layout_basic, nicolae_overflow_crystal_walls, zin_purify
D:4:      layout_basic, riverfiend_overflow_shadow_ancestor, temple_pool_b,
          serial_shops, shop, minmay_small_thing, uniq_pikel
D:5:      layout_cave_pools, hellmonk_ghost_happy_afterlife,
          chequers_serial_rivers_room_a, patterned_corridor
D:6:      layout_cave_pools, overflow_temple_1_default,
          nicolae_ru_great_annihilating_truth, kennysheep_generic_room_12
D:7:      layout_basic, mainiacjoe_overflow_cross_hatched,
          chequers_temple_overflow_minitemple, dreamdust_gnoll_farm, uniq_maggie
D:8:      layout_rooms, nicolae_yredelemnul_corpse_copse, uniq_joseph
D:9:      layout_basic, david_lair_generic
D:10:     layout_loops_ring, okawaru_ov_weapons_minmay,
          mainiacjoe_overflow_alcove_2, chequers_serial_rivers_room_a,
          uniq_lodul, uniq_erica
Temple:   nicolae_temple_cloud_nine

Skill      XL: |  1  2  3  4  5  6  7  8  9 10 |
---------------+-------------------------------+-----
Axes           | 3 4 6 7 8 10 12 | 12.1
Dodging        | 1 2 3 4 6 7 |  7.4
Shields        | 4 5 6 7 9 |  9.2
Armour         | 4 5 6 7 9 |  9.1
Fighting       | 4 5 6 7 9 |  9.1

Action                     |  1- 3 |  4- 6 |  7- 9 | 10-12 || total
---------------------------+-------+-------+-------+-------++-------
  Melee: War axe           |    74 |   103 |   278 |   146 ||   601
         Headbutt          |    11 |    18 |    60 |    43 ||   132
  Throw: Dart              |       |       |       |     5 ||     5
Ability: Lunge             |       |     8 |    24 |     9 ||    41
         Whirlwind         |       |       |    26 |     4 ||    30
    Use: Scroll            |       |       |     8 |     1 ||     9
         Potion            |       |       |     3 |     3 ||     6
   Stab: Paralysed         |       |       |     1 |       ||     1
 Armour: Scale mail        |    27 |    42 |   122 |    42 ||   233
  Dodge: Dodged            |    35 |    42 |   127 |    76 ||   280
  Block: Buckler           |    23 |    14 |    75 |    49 ||   161

Table legend: (Time is in decaauts)
 A = Elapsed time spent in this place.
 B = Non-inter-level travel time spent in this place.
 C = Inter-level travel time spent in this place.
 D = Time resting spent in this place.
 E = Time spent auto-exploring this place.
 F = Levels seen in this place.
 G = Mean time per level.
                   A        B        C        D        E       F      G
               +--------+--------+--------+--------+--------+-----+--------+
         Total |   8860 |   8620 |    240 |   1108 |   5731 |  11 |  805.5 |
       Dungeon |   8813 |   8580 |    233 |   1108 |   5699 |  10 |  881.3 |
        Temple |     46 |     39 |      7 |      0 |     32 |   1 |   46.0 |
               +--------+--------+--------+--------+--------+-----+--------+

Top non-repeatable levels by time:
     D:7: 1510 daAuts
     D:1: 1117 daAuts
     D:9: 1052 daAuts
     D:4: 994 daAuts
     D:8: 942 daAuts
     D:6: 865 daAuts
     D:2: 754 daAuts
     D:5: 645 daAuts
     D:3: 558 daAuts
    D:10: 371 daAuts
  Temple: 46 daAuts
